 Dungeon Crawl Stone Soup version 0.23-a0-435-g79ed067 (webtiles) character file.

68 Azzok the Firebug (level 4, 29/30 HPs)
             Began as a Demonspawn Fire Elementalist on Nov 15, 2018.
             Quit the game on level 2 of the Dungeon.
             The game lasted 00:02:06 (1387 turns).

Azzok the Firebug (Demonspawn Fire Elementalist)    Turns: 1387, Time: 00:02:07

Health: 29/30      AC:  4    Str:  8    XL:     4   Next: 1%
Magic:  3/8        EV: 12    Int: 18    God:
Gold:   28         SH:  0    Dex: 13    Spells: 4/8 levels left

rFire    . . .     SeeInvis .   g - +1 dagger (venom)
rCold    . . .     Gourm    .   (no shield)
rNeg     . . .     Faith    .   a - +0 robe
rPois    .         Spirit   .   (no helmet)
rElec    .         Reflect  .   (no cloak)
rCorr    .         Harm     .   (no gloves)
MR       .....                  (no boots)
Stlth    +++.......             (no amulet)
HPRegen  0.10/turn              (no ring)
MPRegen  0.11/turn              (no ring)

@: no status effects
A: slimy green scales 1, nightstalker 1
a: no special abilities


You were on level 2 of the Dungeon.
You were not hungry.

You visited 1 branch of the dungeon, and saw 2 of its levels.

You collected 28 gold pieces.

Inventory:

Hand Weapons
 g - a +1 dagger of venom (weapon)
Armour
 a - a +0 robe (worn)
Scrolls
 e - a scroll of teleportation {unknown}
 f - a scroll of enchant armour {unknown}
 h - 2 scrolls of remove curse {unknown}
 i - 2 scrolls of identify {unknown}
Potions
 b - a potion of heal wounds {unknown}
Comestibles
 c - 4 rations
 d - a chunk of flesh


   Skills:
 - Level 1.7 Dodging
 - Level 1.7 Stealth
 + Level 2.8 Spellcasting
 + Level 2.3 Conjurations
 + Level 3.3 Fire Magic


You had 4 spell levels left.
You knew the following spells:

 Your Spells              Type           Power        Failure   Level  Hunger
a - Flame Tongue          Conj/Fire      ##...        5%          1    None
b - Conjure Flame         Conj/Fire      ##......     16%         3    ###....

Your spell library contained the following spells:

 Spells                   Type           Power        Failure   Level  Hunger
 Throw Flame              Conj/Fire      ##....       8%          2    ##.....
 Inner Flame              Hex/Fire       #.......     26%         3    ###....
 Sticky Flame             Conj/Fire      ##......     45%         4    ####...
 Fireball                 Conj/Fire      ##........   82%         5    ######.


Dungeon Overview and Level Annotations

Branches:
Dungeon (2/15)

Altars:
Okawaru


Innate Abilities, Weirdness & Mutations

You are partially covered in slimy green scales. (AC +2)
You are slightly more attuned to the shadows.


Message History

Press: ? - help, Shift-Dir - straight line, f/p - hobgoblin
Aim: a hobgoblin, wielding a +0 club (almost dead)
The flame tongue misses the hobgoblin.
Casting: Flame Tongue (safe; 5% risk of failure)
Confirm with . or Enter, or press ? or * to list all spells.
Aiming: Flame Tongue (safe; 5% risk of failure)
Press: ? - help, Shift-Dir - straight line, f/p - hobgoblin
Aim: a hobgoblin, wielding a +0 club (almost dead)
The flame tongue misses the hobgoblin.
The hobgoblin hits you with a +0 club.
Casting: Flame Tongue (safe; 5% risk of failure)
Confirm with . or Enter, or press ? or * to list all spells.
Aiming: Flame Tongue (safe; 5% risk of failure)
Press: ? - help, Shift-Dir - straight line, f/p - hobgoblin
Aim: a hobgoblin, wielding a +0 club (almost dead)
The flame tongue hits the hobgoblin.
You kill the hobgoblin!
You have reached level 4!
You feel clever.
Your demonic ancestry asserts itself...
You slip into the darkness of the dungeon.
Are you sure you want to abandon this character and quit the game? (Confirm

▒▒·▒▒▒····▒····▒▒▒·▒
▒·········▒········▒▒▒▒▒
▒··▒···············÷····
▒··············▒▒▒▒▒▒▒▒▒
▒··▒·······▒▒·▒▒
··············)·▒
▒··▒▒·······▒·▒·▒
··············▒·▒
▒··▒▒··@····▒·▒ ▒
▒······)····▒>▒
▒▒·▒▒·▒···▒·▒ ▒ ▒
········>··
▒▒▒····▒▒·▒▒▒ ▒▒▒▒▒▒ ·▒
▒


There were no monsters in sight!

Vanquished Creatures
  2 adders (D:2)
  An ooze (D:1)
  2 worms (D:2)
  2 dart slugs
  2 giant cockroaches (D:1)
  7 goblins
  3 hobgoblins
  A ball python (D:1)
  4 bats
  3 frilled lizards
  7 kobolds
  3 rats (D:1)
37 creatures vanquished.

Notes
Turn   | Place    | Note
-------+----------+-------------------------------------------
     0 | D:1      | Azzok the Demonspawn Fire Elementalist began the quest for
                  | the Orb.
     0 | D:1      | Reached XP level 1. HP: 13/13 MP: 3/3
   231 | D:1      | Gained mutation: You are partially covered in slimy green
                  | scales. (AC +2) [demonic ancestry]
   231 | D:1      | Reached XP level 2. HP: 17/19 MP: 0/5
   428 | D:1      | Reached skill level 3 in Fire Magic
   792 | D:2      | Reached XP level 3. HP: 24/24 MP: 6/6
   797 | D:2      | Learned a level 3 spell: Conjure Flame
  1234 | D:2      | Found an iron altar of Okawaru.
  1386 | D:2      | Gained mutation: You are slightly more attuned to the
                  | shadows. [demonic ancestry]
  1386 | D:2      | Reached XP level 4. HP: 28/30 MP: 3/8
  1387 | D:2      | Quit the game

Vault maps used:
D:1:      shiori_shiawase
D:2:      first_ration, kennysheep_okawaru_gauntlet, uniq_crazy_yiuf_cottage

Skill      XL: |  1  2  3 |
---------------+----------+-----
Fire Magic     | 3 |  3.3
Conjurations   | 2 |  2.3
Dodging        | |  1.7
Stealth        | |  1.7
Spellcasting   | |  2.8

Action                   |  1- 3 |  4- 6 || total
-------------------------+-------+-------++-------
Melee: Unarmed           |     1 |       ||     1
       Dagger            |    26 |       ||    26
 Cast: Flame Tongue      |    58 |     1 ||    59
 Stab: Sleeping          |     1 |       ||     1
  Eat: Chunk             |     2 |       ||     2
Armor: Robe              |     4 |       ||     4
Dodge: Dodged            |    21 |       ||    21

Table legend:
 A = Non-vault XP
 B = Vault XP
 C = Vault XP percentage of total XP
 D = Non-vault monster count
 E = Vault monster count
 F = Vault count percentage of total count
                 A         B        C        D         E       F
            +---------+---------+-------+---------+---------+-------
      Total |      94 |       4 |   4.1 |      35 |       2 |   5.4
            +---------+---------+-------+---------+---------+-------
        D:1 |      38 |       0 |   0.0 |      21 |       0 |   0.0
        D:2 |      56 |       4 |   6.7 |      14 |       2 |  12.5
            +---------+---------+-------+---------+---------+-------
